PA
ATHLETIC CLUB KC U-21 @ COLUMBIA RIVER RATS
09/02/2028
 
TOP OF THE 1ST
Athletic Club KC U-21 batting - Pitching for Columbia River Rats : RHP Toshiharu Kuhabara
Pitching: RHP Toshiharu Kuhabara
Batting: LHB Takayuki Yoshikawa 0-0: Ball
1-0: Ball
2-0: Bunted foul
2-1: DOUBLE (Line Drive, 9LM)
Batting: RHB Tasuku Goto 0-0: Fly out, F4 (Flyball, 4D)
Batting: LHB Wu-shun Chu 0-0: Called Strike
0-1: Foul Ball, location: 2F
0-2: Ball
1-2: Foul Ball, location: 2F
1-2: Ground out 4-3 (Groundball, 34)
Takayuki Yoshikawa to third
Batting: RHB Colin Bottone 0-0: Ball
1-0: Ball
2-0: Ball
3-0: Called Strike
3-1: Base on Balls
Batting: LHB Chi-hun Chong 0-0: Ball
1-0: Swinging Strike
1-1: Foul Ball, location: 2F
1-2: Foul Ball, location: 2F
1-2: Foul Ball, location: 2F
1-2: Ball
2-2: Ball
3-2: Foul Ball, location: 2F
3-2: Foul Ball, location: 2F
3-2: Ground out 5-3 (Groundball, 56)
Top of the 1st over - 0 run(s), 1 hit(s), 0 error(s), 2 left on base; Athletic Club KC 0 - Columbia 0
BOTTOM OF THE 1ST
Columbia River Rats batting - Pitching for Athletic Club KC U-21 : RHP Júlio García
Pitching: RHP Júlio García
Batting: RHB Víctor Hernández 0-0: Called Strike
0-1: Ball
1-1: Foul Ball, location: 2F
1-2: Ground out 5-3 (Groundball, 5)
Batting: RHB Mario Jacome 0-0: Ground out 6-3 (Groundball, 6)
Batting: RHB Michael Walters 0-0: Called Strike
0-1: Ball
1-1: Ball
2-1: Foul Ball, location: 2F
2-2: Ball
3-2: Fly out, F9 (Flyball, 9S)
Bottom of the 1st over - 0 run(s), 0 hit(s), 0 error(s), 0 left on base; Athletic Club KC 0 - Columbia 0
TOP OF THE 2ND
Athletic Club KC U-21 batting - Pitching for Columbia River Rats : RHP Toshiharu Kuhabara
Batting: RHB Roberto Romero 0-0: Called Strike
0-1: Swinging Strike
0-2: Ball
1-2: Strikes out swinging
Batting: RHB Troy Whitehurst 0-0: Called Strike
0-1: Ball
1-1: Ball
2-1: Ground out 5-3 (Groundball, 5)
Batting: RHB Dewey Nauss 0-0: Swinging Strike
0-1: Foul Ball, location: 2F
0-2: Strikes out swinging
Top of the 2nd over - 0 run(s), 0 hit(s), 0 error(s), 0 left on base; Athletic Club KC 0 - Columbia 0
BOTTOM OF THE 2ND
Columbia River Rats batting - Pitching for Athletic Club KC U-21 : RHP Júlio García
Batting: RHB Marcos Rico 0-0: Swinging Strike
0-1: Ball
1-1: Ball
2-1: Ground out 6-3 (Groundball, 6)
Batting: SHB Robert Hillier 0-0: Foul Ball, location: 2F
0-1: Ball
1-1: Swinging Strike
1-2: DOUBLE (Line Drive, 9LM)
Batting: RHB Dan Parkinson 0-0: Ground out 5-3 (Groundball, 56)
Batting: RHB Richard Blackburn 0-0: Hit by Pitch
Batting: RHB Fernando Arévalo 0-0: Ball
1-0: Ball
Wild Pitch!
Robert Hillier to third
Richard Blackburn to second
2-0: Ball
3-0: Called Strike
3-1: Base on Balls
Batting: RHB Miguel Delgado 0-0: Called Strike
0-1: Fly out, F6 (Line Drive, 6M)
Bottom of the 2nd over - 0 run(s), 1 hit(s), 0 error(s), 3 left on base; Athletic Club KC 0 - Columbia 0
TOP OF THE 3RD
Athletic Club KC U-21 batting - Pitching for Columbia River Rats : RHP Toshiharu Kuhabara
Batting: RHB Arturo Annunziato 0-0: Foul Ball, location: 2F
0-1: Ball
1-1: Foul Ball, location: 2F
1-2: Foul Ball, location: 2F
1-2: Strikes out swinging
Batting: LHB Takayuki Yoshikawa 0-0: Called Strike
0-1: Ground out 6-3 (Groundball, 6)
Batting: RHB Tasuku Goto 0-0: Ball
1-0: Foul Ball, location: 2F
1-1: Ball
2-1: Called Strike
2-2: Ball
3-2: Fly out, F9 (Flyball, 9LM)
Top of the 3rd over - 0 run(s), 0 hit(s), 0 error(s), 0 left on base; Athletic Club KC 0 - Columbia 0
BOTTOM OF THE 3RD
Columbia River Rats batting - Pitching for Athletic Club KC U-21 : RHP Júlio García
Batting: RHB Víctor Hernández 0-0: Called Strike
0-1: Ground out 5-3 (Groundball, 56S)
Batting: RHB Mario Jacome 0-0: Foul Ball, location: 2F
0-1: Ball
1-1: Ball
2-1: Ground out 6-3 (Groundball, 6)
Batting: RHB Michael Walters 0-0: Ball
1-0: Ball
2-0: Ball
3-0: Base on Balls
Batting: RHB Marcos Rico 0-0: Swinging Strike
0-1: Fly out, F7 (Line Drive, 78M)
Bottom of the 3rd over - 0 run(s), 0 hit(s), 0 error(s), 1 left on base; Athletic Club KC 0 - Columbia 0
TOP OF THE 4TH
Athletic Club KC U-21 batting - Pitching for Columbia River Rats : RHP Toshiharu Kuhabara
Batting: LHB Wu-shun Chu 0-0: SINGLE (Flyball, 89S)
Pitching: RHP Augusto Deleón
Batting: RHB Colin Bottone 0-0: Foul Ball, location: 2F
0-1: Ball
1-1: Fly out, F7 (Flyball, 78D)
Batting: LHB Chi-hun Chong 0-0: Called Strike
Throwing error on steal attempt, E2
Wu-shun Chu to third
0-1: Ball
1-1: Swinging Strike
1-2: Fly out, F9 (Line Drive, 9)
Runner from 3rd tags up, SCORES, no throw
Batting: RHB Roberto Romero 0-0: Ball
1-0: Called Strike
1-1: Called Strike
1-2: Fly out, F8 (Flyball, 8RM)
Top of the 4th over - 1 run(s), 1 hit(s), 1 error(s), 0 left on base; Athletic Club KC 1 - Columbia 0
BOTTOM OF THE 4TH
Columbia River Rats batting - Pitching for Athletic Club KC U-21 : RHP Júlio García
Batting: SHB Robert Hillier 0-0: Swinging Strike
0-1: Ball
1-1: Foul Ball, location: 2F
1-2: Foul Ball, location: 2F
1-2: Ground out 6-3 (Groundball, 6S)
Batting: RHB Dan Parkinson 0-0: Swinging Strike
0-1: Ball
1-1: Fly out, F3 (Line Drive, 34)
Batting: RHB Richard Blackburn 0-0: Ball
1-0: Foul Ball, location: 2F
1-1: Ball
2-1: Ball
3-1: Called Strike
3-2: Strikes out swinging, 2-3 out at first.
Bottom of the 4th over - 0 run(s), 0 hit(s), 0 error(s), 0 left on base; Athletic Club KC 1 - Columbia 0
TOP OF THE 5TH
Athletic Club KC U-21 batting - Pitching for Columbia River Rats : RHP Augusto Deleón
Batting: RHB Troy Whitehurst 0-0: Called Strike
0-1: Swinging Strike
0-2: Strikes out swinging
Batting: RHB Dewey Nauss 0-0: Ball
1-0: Foul Ball, location: 2F
1-1: Called Strike
1-2: Ball
2-2: Ground out 1-3 (Groundball, P)
Batting: RHB Arturo Annunziato 0-0: Swinging Strike
0-1: Ball
1-1: Called Strike
1-2: Ball
2-2: Strikes out swinging
Top of the 5th over - 0 run(s), 0 hit(s), 0 error(s), 0 left on base; Athletic Club KC 1 - Columbia 0
BOTTOM OF THE 5TH
Columbia River Rats batting - Pitching for Athletic Club KC U-21 : RHP Júlio García
Batting: RHB Fernando Arévalo 0-0: Ball
1-0: Swinging Strike
1-1: Foul Ball, location: 2F
1-2: Ball
2-2: Foul Ball, location: 2F
2-2: Fly out, F2 (Popup, 23)
Batting: RHB Miguel Delgado 0-0: Ball
1-0: Called Strike
1-1: Swinging Strike
1-2: Ball
2-2: Ball
3-2: Strikes out swinging
Batting: RHB Víctor Hernández 0-0: Foul Ball, location: 2F
0-1: Fly out, F5 (Line Drive, 5S)
Bottom of the 5th over - 0 run(s), 0 hit(s), 0 error(s), 0 left on base; Athletic Club KC 1 - Columbia 0
TOP OF THE 6TH
Athletic Club KC U-21 batting - Pitching for Columbia River Rats : RHP Augusto Deleón
Batting: LHB Takayuki Yoshikawa 0-0: Foul Ball, location: 2F
0-1: Bunt for hit - play at first, batter safe!
Batting: RHB Tasuku Goto 0-0: Hit by Pitch
Takayuki Yoshikawa to second
Batting: LHB Wu-shun Chu 0-0: Called Strike
0-1: Foul Ball, location: 2F
0-2: Ball
1-2: Grounds into double play, 4-6-3 (Groundball, 4)
Takayuki Yoshikawa to third
Batting: RHB Colin Bottone 0-0: Ball
1-0: Foul Ball, location: 2F
1-1: Ball
2-1: Swinging Strike
2-2: Strikes out swinging
Top of the 6th over - 0 run(s), 1 hit(s), 0 error(s), 1 left on base; Athletic Club KC 1 - Columbia 0
BOTTOM OF THE 6TH
Columbia River Rats batting - Pitching for Athletic Club KC U-21 : RHP Júlio García
Batting: RHB Mario Jacome 0-0: Ball
1-0: Foul Ball, location: 2F
1-1: Ball
2-1: Ball
3-1: Fly out, F7 (Flyball, 78D)
Batting: RHB Michael Walters 0-0: Swinging Strike
0-1: SINGLE (Line Drive, 78S)
Batting: RHB Marcos Rico 0-0: Foul Ball, location: 2F
0-1: Ball
1-1: Ball
2-1: Ball
3-1: Fielders Choice at 2nd, 5-4 (Groundball, 56)
Batting: SHB Robert Hillier 0-0: Called Strike
Marcos Rico steals 2nd base
0-1: Ball
1-1: Swinging Strike
1-2: Ground out 5-3 (Groundball, 5)
Bottom of the 6th over - 0 run(s), 1 hit(s), 0 error(s), 1 left on base; Athletic Club KC 1 - Columbia 0
TOP OF THE 7TH
Athletic Club KC U-21 batting - Pitching for Columbia River Rats : RHP Augusto Deleón
Batting: LHB Chi-hun Chong 0-0: Called Strike
0-1: Fly out, F6 (Popup, 5D)
Batting: RHB Roberto Romero 0-0: Ground out 4-3 (Groundball, 4)
Batting: RHB Troy Whitehurst 0-0: Ball
1-0: Foul Ball, location: 2F
1-1: Ball
2-1: Swinging Strike
2-2: Strikes out swinging
Top of the 7th over - 0 run(s), 0 hit(s), 0 error(s), 0 left on base; Athletic Club KC 1 - Columbia 0
BOTTOM OF THE 7TH
Columbia River Rats batting - Pitching for Athletic Club KC U-21 : RHP Júlio García
Batting: RHB Dan Parkinson 0-0: Swinging Strike
0-1: Ball
1-1: Foul Ball, location: 2F
1-2: Ball
2-2: Foul Ball, location: 2F
2-2: SINGLE (Flyball, 78S)
Pinch Hitting: RHB Ken Barrett 0-0: Bunt missed!
0-1: Bunted foul
0-2: SINGLE (Groundball, 15S) (infield hit)
Dan Parkinson to second
Pinch Hitting: LHB Jordan Westacott 0-0: Ball
1-0: Ball
2-0: Called Strike
2-1: Called Strike
2-2: Ball
3-2: Foul Ball, location: 2F
3-2: Strikes out swinging
Batting: RHB Miguel Delgado 0-0: Grounds into double play, 6-4-3 (Groundball, 6)
Bottom of the 7th over - 0 run(s), 2 hit(s), 0 error(s), 1 left on base; Athletic Club KC 1 - Columbia 0
TOP OF THE 8TH
Athletic Club KC U-21 batting - Pitching for Columbia River Rats : RHP Augusto Deleón
Now at 3B: Gil Simmons
Now in LF: Ken Barrett
Batting: RHB Dewey Nauss 0-0: Called Strike
0-1: Ball
1-1: Fly out, F3 (Popup, 3S)
Batting: RHB Arturo Annunziato 0-0: Ground out 6-3 (Groundball, 6)
Batting: LHB Takayuki Yoshikawa 0-0: Ball
1-0: Called Strike
1-1: Called Strike
1-2: Fly out, F8 (Flyball, 78S)
Top of the 8th over - 0 run(s), 0 hit(s), 0 error(s), 0 left on base; Athletic Club KC 1 - Columbia 0
BOTTOM OF THE 8TH
Columbia River Rats batting - Pitching for Athletic Club KC U-21 : RHP Júlio García
Batting: RHB Víctor Hernández 0-0: Ball
1-0: Called Strike
1-1: Ball
2-1: Called Strike
2-2: Ground out 5-3 (Groundball, 56)
Batting: RHB Mario Jacome 0-0: Ball
1-0: Swinging Strike
1-1: Foul Ball, location: 2F
1-2: Foul Ball, location: 2F
1-2: Strikes out swinging
Batting: RHB Michael Walters 0-0: Ball
1-0: Ball
2-0: Foul Ball, location: 2F
2-1: Called Strike
2-2: Foul Ball, location: 2F
2-2: Strikes out swinging
Bottom of the 8th over - 0 run(s), 0 hit(s), 0 error(s), 0 left on base; Athletic Club KC 1 - Columbia 0
TOP OF THE 9TH
Athletic Club KC U-21 batting - Pitching for Columbia River Rats : RHP Augusto Deleón
Batting: RHB Tasuku Goto 0-0: Ball
1-0: Fly out, F4 (Line Drive, 4)
Batting: LHB Wu-shun Chu 0-0: Called Strike
0-1: Called Strike
0-2: Ball
1-2: Ball
2-2: TRIPLE (Flyball, 7LM)
Pitching: LHP Joe Khokar
Batting: RHB Colin Bottone 0-0: Intentional Walk
Batting: LHB Chi-hun Chong 0-0: Ball
1-0: Called Strike
1-1: Foul Ball, location: 2F
1-2: Foul Ball, location: 2F
1-2: Ball
2-2: Strikes out swinging
Batting: RHB Roberto Romero 0-0: Fielders Choice at 2nd, 5-4 (Groundball, 56)
Top of the 9th over - 0 run(s), 1 hit(s), 0 error(s), 1 left on base; Athletic Club KC 1 - Columbia 0
BOTTOM OF THE 9TH
Columbia River Rats batting - Pitching for Athletic Club KC U-21 : RHP Júlio García
Pitching: RHP Kamisese Alohinani
Now at 2B: Ijsbrand van Hoogewegen
Batting: RHB Marcos Rico 0-0: Ball
1-0: Foul Ball, location: 2F
1-1: Ball
2-1: Foul Ball, location: 2F
2-2: Foul Ball, location: 2F
2-2: Fly out, F4 (Line Drive, 4)
Batting: SHB Robert Hillier 0-0: Ball
1-0: Ground out 4-3 (Groundball, 4)
Batting: RHB Dan Parkinson 0-0: Foul Ball, location: 2F
0-1: Ball
1-1: Called Strike
1-2: Ball
2-2: Ball
3-2: Strikes out swinging
Bottom of the 9th over - 0 run(s), 0 hit(s), 0 error(s), 0 left on base; Athletic Club KC 1 - Columbia 0
Thursday, August 31st, 2017 - OOTP Baseball 17.12 Build 75